Sabres vs Coyotes
(R1)
Created - 5 mars 2017 at 19:08
Goals
|
| Sabres |
0 |
1 |
2 |
3 |
| Coyotes |
1 |
0 |
0 |
1 |
|
Shots
|
| Sabres |
13 |
10 |
8 |
31 |
| Coyotes |
9 |
15 |
5 |
29 |
|
1st period
1. Coyotes , Marian Gaborik 17 (Vincent Lecavalier, Zach Parise) at 6:00 (PP)
Penalties :
Michael Kostka (Buf) for Interference (Minor) at 5:14, Rob Scuderi (Buf) for Interference (Minor) at 13:05, Maxim Talbot (Ari) for Roughing (Minor) at 18:35
2nd period
2. Sabres , Michael Kostka 6 (Brandon Sutter, Robin Lehner) at 12:16 (PP)
Penalties :
Jaromir Jagr (Buf) for Interference (Minor) at 6:13, Zach Parise (Ari) for Hooking (Minor) at 11:41, Matt Martin (Buf) for Delaying the game (Minor) at 19:06
3rd period
3. Sabres , Evander Kane 20 (J.T. Miller) at 6:14
4. Sabres , Ryan O'Reilly 9 (Zach Bogosian) at 12:43
Penalties :
Toni Lydman (Ari) for Holding (Minor) at 1:34, Anton Stralman (Ari) for High sticking (Minor) at 11:14, Michael Kostka (Buf) for Hooking (Minor) at 11:21, Zach Bogosian (Buf) for Interference (Minor) at 16:50
Goalie Stats
Robin Lehner (Buf), 28 saves from 29 shots - (0,966), W, 25-20-2, 60:00 minutes
Ryan Miller (Ari), 28 saves from 31 shots - (0,903), L, 20-17-1, 60:00 minutes
Players Stats for Sabres
Player Name G A P +/- PIM S H SB GA TA FO MP PP MP PK MP
------------------------------------------------------------------------------------
Brandon Sutter 0 1 1 0 0 3 2 0 0 0 6/12 14:14 1:35 0:02
Erik Christensen 0 0 0 0 0 2 1 1 0 0 3/5 8:56 0:00 0:01
Evander Kane 1 0 1 1 0 5 0 0 3 0 1/4 21:29 3:05 4:01
J.T. Miller 0 1 1 2 0 0 1 1 0 1 8/22 18:02 3:05 1:27
Jared Cowen 0 0 0 0 0 0 0 0 0 2 0/0 20:06 0:00 4:44
Jaromir Jagr 0 0 0 0 2 1 1 0 0 0 2/7 14:01 0:00 3:33
Jordan Leopold 0 0 0 0 0 0 1 1 0 0 0/0 19:13 1:12 3:50
Kyle Okposo 0 0 0 1 0 3 4 0 2 0 1/1 16:09 3:05 0:00
Matt Martin 0 0 0 0 2 0 3 0 0 0 0/1 13:22 1:35 0:00
Michael Haley 0 0 0 0 0 0 0 0 0 0 0/0 8:13 0:00 0:02
Michael Kostka 1 0 1 0 4 2 1 1 2 1 0/0 20:02 3:27 1:02
Mike Leclerc 0 0 0 0 0 1 0 1 1 1 0/0 14:17 0:00 4:18
Patrik Elias 0 0 0 0 0 1 2 0 0 0 0/0 9:32 0:00 0:11
Randy Jones 0 0 0 0 0 1 3 2 0 0 0/0 19:48 1:12 3:50
Rob Scuderi 0 0 0 2 2 2 1 3 1 1 0/0 21:00 0:00 3:43
Ryan O'Reilly 1 0 1 1 0 1 1 0 0 0 1/7 10:40 0:00 0:00
Zach Bogosian 0 1 1 2 2 4 1 1 1 0 0/0 21:41 3:28 0:29
Zack Kassian 0 0 0 0 0 5 3 0 1 0 0/1 18:28 1:35 4:03
Players Stats for Coyotes
Player Name G A P +/- PIM S H SB GA TA FO MP PP MP PK MP
------------------------------------------------------------------------------------
Anton Stralman 0 0 0 0 2 7 1 1 1 1 0/0 23:28 4:56 1:10
Brent Sopel 0 0 0 -1 0 1 0 0 1 1 0/0 18:49 3:29 0:00
Brooks Laich 0 0 0 0 0 0 1 0 0 0 5/6 9:16 1:11 0:00
Chris Stewart 0 0 0 0 0 2 1 0 0 0 0/1 18:30 3:17 0:00
Enver Lisin 0 0 0 0 0 2 1 0 0 0 0/0 8:41 0:47 0:00
Georges Laraque 0 0 0 0 0 1 0 0 0 1 0/0 10:59 0:00 3:01
Josh Gorges 0 0 0 -1 0 0 0 3 1 2 0/0 21:03 3:29 1:22
Kristopher Letang 0 0 0 -1 0 1 1 2 1 0 0/0 25:29 5:20 1:10
Marian Gaborik 1 0 1 -1 0 1 4 0 0 0 0/0 19:44 4:20 0:00
Martin Samuelsson 0 0 0 0 0 0 2 0 0 0 0/0 9:21 0:23 1:39
Matt Taormina 0 0 0 0 0 1 2 0 0 0 0/0 16:18 0:24 3:30
Maxim Talbot 0 0 0 0 2 1 0 0 0 0 3/4 7:46 0:55 0:12
Nazem Kadri 0 0 0 -1 0 4 0 3 1 2 10/14 19:23 3:17 0:07
Ramzi Abid 0 0 0 0 0 1 0 1 0 0 6/8 10:15 0:00 3:01
Toni Lydman 0 0 0 -1 2 1 1 2 0 1 0/0 16:40 0:07 2:08
Tyler Ennis 0 0 0 -1 0 4 2 0 0 1 0/0 19:16 3:17 0:00
Vincent Lecavalier 0 1 1 -1 0 2 1 1 1 1 14/27 19:51 4:18 0:00
Zach Parise 0 1 1 -1 2 0 4 0 0 1 0/0 18:35 4:35 1:20
3 Stars
1 - Robin Lehner (Buf)
2 - Ryan O'Reilly (Buf)
3 - Marian Gaborik (Ari)
Power Play
Sabres - 1 on 4 Attempt(s) - 25,00%
Coyotes - 1 on 6 Attempt(s) - 16,67%
Penalty Kill
Sabres - 5 on 6 Attempt(s) - 83,33%
- Score 0 goal in Penalty Kill
Coyotes - 3 on 4 Attempt(s) - 75,00%
- Score 0 goal in Penalty Kill
Team Stat
Sabres - Hits : 25 - Faceoff Wins : 22 - Blocked Shots : 11 - Penalty Minutes : 12
Coyotes - Hits : 21 - Faceoff Wins : 38 - Blocked Shots : 13 - Penalty Minutes : 8
Official
Referees : Morton Dean and Watson Brad
Linesman : Derek Nansen and Brian Murphy
Game Notes
No Game Note
Finance
Level 1 -- Attendance: 5699 (94,98%) -- Ticket Income 484 415 $
Level 2 -- Attendance: 5000 (100,00%) -- Ticket Income 240 000 $
Level 3 -- Attendance: 1929 (96,45%) -- Ticket Income 61 728 $
Level 4 -- Attendance: 4000 (100,00%) -- Ticket Income 84 000 $
Luxury Box -- Attendance: 1000 (100,00%) -- Ticket Income 158 000 $
Game was played at the The Pack Center.
Total Attendance: 17628 (97,93%)
Total Ticket Income: 1 028 143 $
Other Income: 154 221 $
Total Income: 1 182 364 $
Sabres
5 vs 5 Forward
Center Left Wing Right Wing Time % Phy DF OF
1 J.T. Miller Evander Kane Kyle Okposo 34 1 2 2
2 Brandon Sutter Matt Martin Zack Kassian 30 1 2 2
3 Ryan O'Reilly Patrik Elias Jaromir Jagr 20 1 2 2
4 Erik Christensen Michael Haley Mike Leclerc 16 1 3 1
5 vs 5 Defense
Defense Defense Time % Phy DF OF
1 Rob Scuderi Zach Bogosian 40 1 3 1
2 Jordan Leopold Randy Jones 30 1 3 1
3 Michael Kostka Jared Cowen 30 1 3 1
4 Jordan Leopold Randy Jones 0 1 3 1
PowerPlay Forward
Center Left Wing Right Wing Time % Phy DF OF
1 J.T. Miller Evander Kane Kyle Okposo 60 1 1 3
2 Brandon Sutter Matt Martin Zack Kassian 40 1 1 3
PowerPlay Defense
Defense Defense Time % Phy DF OF
1 Michael Kostka Zach Bogosian 65 1 2 2
2 Jordan Leopold Randy Jones 35 1 3 1
Penalty Kill 4 Players Forward
Center Wing Time % Phy DF OF
1 Jaromir Jagr Mike Leclerc 50 1 4 0
2 Evander Kane Zack Kassian 50 1 3 1
Penalty Kill 4 Players Defense
Defense Defense Time % Phy DF OF
1 Rob Scuderi Jared Cowen 65 1 4 0
2 Jordan Leopold Randy Jones 35 1 4 0
Penalty Kill - 3 Players Forward
Forward Time % Phy DF OF
1 Jaromir Jagr 60 0 5 0
2 Mike Leclerc 40 0 5 0
Penalty Kill - 3 Players Defense
Defense Defense Time % Phy DF OF
1 Rob Scuderi Jared Cowen 65 1 4 0
2 Jordan Leopold Randy Jones 35 1 4 0
4 vs 4 Forward
Center Wing Time % Phy DF OF
1 Erik Christensen Mike Leclerc 60 1 2 2
2 Evander Kane Zack Kassian 40 1 2 2
4 vs 4 Defense
Defense Defense Time % Phy DF OF
1 Rob Scuderi Zach Bogosian 50 1 2 2
2 Jordan Leopold Randy Jones 50 1 3 1
Last Minutes Offensive
Center Left Wing Right Wing Defense Defense
Erik Christensen Evander Kane Kyle Okposo Jordan Leopold Zach Bogosian
Last Minutes Defensive
Center Left Wing Right Wing Defense Defense
Brandon Sutter Mike Leclerc Jaromir Jagr Rob Scuderi Jared Cowen
Goaltenders
Starting : Robin Lehner
Backup : Jonas Hiller
Extra Forwards
Normal : Ryan O'Reilly, J.T. Miller, Evander Kane - PP : Jaromir Jagr, Erik Christensen - PK : J.T. Miller
Extra Defensemen
Normal : Jordan Leopold, Randy Jones, Zach Bogosian - PP : Jared Cowen - PK : Michael Kostka, Zach Bogosian
Penalty Shots
Evander Kane, Jaromir Jagr, Mike Leclerc, Erik Christensen, Zack Kassian
Coyotes
5 vs 5 Forward
Center Left Wing Right Wing Time % Phy DF OF
1 Vincent Lecavalier Zach Parise Marian Gaborik 40 0 2 3
2 Nazem Kadri Tyler Ennis Chris Stewart 30 0 2 3
3 Brooks Laich Martin Samuelsson Enver Lisin 16 1 2 2
4 Maxim Talbot Ramzi Abid Georges Laraque 14 1 2 2
5 vs 5 Defense
Defense Defense Time % Phy DF OF
1 Kristopher Letang Anton Stralman 42 1 2 2
2 Brent Sopel Josh Gorges 33 0 2 2
3 Toni Lydman Matt Taormina 25 1 3 1
4 Kristopher Letang Anton Stralman 0 1 3 1
PowerPlay Forward
Center Left Wing Right Wing Time % Phy DF OF
1 Vincent Lecavalier Zach Parise Marian Gaborik 60 0 1 4
2 Nazem Kadri Tyler Ennis Chris Stewart 40 0 1 4
PowerPlay Defense
Defense Defense Time % Phy DF OF
1 Kristopher Letang Anton Stralman 60 0 2 3
2 Josh Gorges Brent Sopel 40 0 2 3
Penalty Kill 4 Players Forward
Center Wing Time % Phy DF OF
1 Ramzi Abid Georges Laraque 55 0 4 1
2 Martin Samuelsson Zach Parise 45 0 4 1
Penalty Kill 4 Players Defense
Defense Defense Time % Phy DF OF
1 Toni Lydman Matt Taormina 60 1 4 0
2 Anton Stralman Kristopher Letang 40 1 4 0
Penalty Kill - 3 Players Forward
Forward Time % Phy DF OF
1 Zach Parise 60 0 4 1
2 Ramzi Abid 40 0 4 1
Penalty Kill - 3 Players Defense
Defense Defense Time % Phy DF OF
1 Toni Lydman Matt Taormina 60 1 4 0
2 Anton Stralman Kristopher Letang 40 1 4 0
4 vs 4 Forward
Center Wing Time % Phy DF OF
1 Vincent Lecavalier Marian Gaborik 55 0 2 3
2 Nazem Kadri Tyler Ennis 45 0 2 3
4 vs 4 Defense
Defense Defense Time % Phy DF OF
1 Kristopher Letang Anton Stralman 60 1 3 1
2 Josh Gorges Brent Sopel 40 1 3 1
Last Minutes Offensive
Center Left Wing Right Wing Defense Defense
Vincent Lecavalier Zach Parise Marian Gaborik Kristopher Letang Brent Sopel
Last Minutes Defensive
Center Left Wing Right Wing Defense Defense
Vincent Lecavalier Zach Parise Georges Laraque Josh Gorges Toni Lydman
Goaltenders
Starting : Ryan Miller
Backup : Adam Munro
Extra Forwards
Normal : Marian Gaborik, Brooks Laich, Enver Lisin - PP : Brooks Laich, Maxim Talbot - PK : Maxim Talbot
Extra Defensemen
Normal : Kristopher Letang, Josh Gorges, Toni Lydman - PP : Matt Taormina - PK : Josh Gorges, Brent Sopel
Penalty Shots
Tyler Ennis, Vincent Lecavalier, Marian Gaborik, Zach Parise, Chris Stewart
% Time on Ice - Sabres
Lines # - Real PCT - Wanted PCT - Time Play
Normal Forward
1 - 31% - 34% - 13:42
2 - 31% - 30% - 13:56
3 - 21% - 20% - 9:21
4 - 17% - 16% - 7:40
Normal Defense
1 - 43% - 40% - 19:11
2 - 28% - 30% - 12:43
3 - 29% - 30% - 12:45
4 - 0% - 0% - 0:00
PP Forward
1 - 66% - 60% - 3:05
2 - 34% - 40% - 1:35
PP Defense
1 - 74% - 65% - 3:28
2 - 26% - 35% - 1:12
PK Forward
1 - 50% - 50% - 4:25
2 - 50% - 50% - 4:24
PK Defense
1 - 57% - 65% - 4:59
2 - 43% - 35% - 3:50
PK3 Forward
1 - 0% - 60%
2 - 0% - 40%
PK3 Defense
1 - 0% - 65%
2 - 0% - 35%
44 Forward
1 - 82% - 60% - 1:32
2 - 18% - 40% - 0:20
44 Defense
1 - 45% - 50% - 0:50
2 - 55% - 50% - 1:02
Last Minute Offensive - 0:00
Last Minute Defensive - 0:00
Total
Forward - 60:00
Defense - 60:00
|
% Time on Ice - Coyotes
Lines # - Real PCT - Wanted PCT - Time Play
Normal Forward
1 - 36% - 40% - 16:15
2 - 35% - 30% - 15:27
3 - 15% - 16% - 6:54
4 - 14% - 14% - 6:03
Normal Defense
1 - 41% - 42% - 18:28
2 - 33% - 33% - 14:52
3 - 25% - 25% - 11:19
4 - 0% - 0% - 0:00
PP Forward
1 - 63% - 60% - 5:32
2 - 37% - 40% - 3:17
PP Defense
1 - 60% - 60% - 5:20
2 - 40% - 40% - 3:29
PK Forward
1 - 67% - 55% - 3:08
2 - 33% - 45% - 1:32
PK Defense
1 - 75% - 60% - 3:30
2 - 25% - 40% - 1:10
PK3 Forward
1 - 0% - 60%
2 - 0% - 40%
PK3 Defense
1 - 0% - 60%
2 - 0% - 40%
44 Forward
1 - 59% - 55% - 1:06
2 - 41% - 45% - 0:46
44 Defense
1 - 75% - 60% - 1:24
2 - 25% - 40% - 0:28
Last Minute Offensive - 0:00
Last Minute Defensive - 0:00
Total
Forward - 60:00
Defense - 60:00
|
Play by Play
1st period
0:01 of 1st period - Vincent Lecavalier wins face-off versus Evander Kane in neutral zone.
0:08 of 1st period - Wrist shot by Vincent Lecavalier.
0:08 of 1st period - Shot Misses the Net.
0:26 of 1st period - Tyler Ennis is hit by Brandon Sutter and loses puck.
2:15 of 1st period - Brandon Sutter is hit by Martin Samuelsson and loses puck.
2:52 of 1st period - Snap shot by Georges Laraque.
2:52 of 1st period - Stopped by Robin Lehner with a rebound.
3:08 of 1st period - Josh Gorges is hit by Kyle Okposo.
3:54 of 1st period - Josh Gorges is hit by Randy Jones and loses puck.
4:15 of 1st period - Slapshot by Michael Kostka.
4:15 of 1st period - Stopped by Ryan Miller without a rebound.
4:16 of 1st period - J.T. Miller wins face-off versus Vincent Lecavalier in Coyotes zone.
4:38 of 1st period - Icing by Toni Lydman.
4:39 of 1st period - Nazem Kadri wins face-off versus Matt Martin in Coyotes zone.
4:48 of 1st period - Wrist shot by Tyler Ennis.
4:48 of 1st period - Stopped by Robin Lehner with a rebound.
4:54 of 1st period - Toni Lydman is hit by Randy Jones and loses puck.
5:14 of 1st period - Minor Penalty to Michael Kostka for Interference.
5:15 of 1st period - Vincent Lecavalier wins face-off versus Jaromir Jagr in Sabres zone.
5:41 of 1st period - Jared Cowen is hit by Tyler Ennis and loses puck.
5:48 of 1st period - Slapshot by Chris Stewart.
5:48 of 1st period - Stopped by Robin Lehner without a rebound.
5:49 of 1st period - Vincent Lecavalier wins face-off versus Jaromir Jagr in Sabres zone.
6:00 of 1st period - Wrist shot by Vincent Lecavalier.
6:00 of 1st period - Deflect By Marian Gaborik.
6:00 of 1st period - Goal by Marian Gaborik - Sabres : 0 - Coyotes : 1.
6:01 of 1st period - Vincent Lecavalier wins face-off versus Ryan O'Reilly in neutral zone.
6:06 of 1st period - Wrist shot by Zach Parise.
6:06 of 1st period - Shot Misses the Net.
6:08 of 1st period - Wrist shot by Vincent Lecavalier.
6:08 of 1st period - Shot Blocked by Zach Bogosian.
6:10 of 1st period - Wrist shot by Vincent Lecavalier.
6:10 of 1st period - Shot Misses the Net.
6:12 of 1st period - Slapshot by Anton Stralman.
6:12 of 1st period - Stopped by Robin Lehner without a rebound.
6:13 of 1st period - J.T. Miller wins face-off versus Vincent Lecavalier in Sabres zone.
6:13 of 1st period - J.T. Miller is hit by Marian Gaborik.
6:19 of 1st period - Wrist shot by Kyle Okposo.
6:19 of 1st period - Shot Misses the Net.
6:21 of 1st period - Snap shot by Evander Kane.
6:21 of 1st period - Stopped by Ryan Miller with a rebound.
6:23 of 1st period - Slapshot by Zach Bogosian.
6:23 of 1st period - Stopped by Ryan Miller with a rebound.
6:25 of 1st period - Slapshot by Rob Scuderi.
6:25 of 1st period - Shot Blocked by Josh Gorges.
6:27 of 1st period - Slapshot by Rob Scuderi.
6:27 of 1st period - Deflect By Zach Parise.
6:27 of 1st period - Stopped by Ryan Miller without a rebound.
6:28 of 1st period - Nazem Kadri wins face-off versus Zack Kassian in Coyotes zone.
6:58 of 1st period - Slapshot by Chris Stewart.
6:58 of 1st period - Stopped by Robin Lehner with a rebound.
7:04 of 1st period - Snap shot by Jordan Leopold.
7:04 of 1st period - Shot Misses the Net.
7:06 of 1st period - Snap shot by Brandon Sutter.
7:06 of 1st period - Shot Hit the Post.
7:08 of 1st period - Slapshot by Brandon Sutter.
7:08 of 1st period - Stopped by Ryan Miller with a rebound.
7:10 of 1st period - Snap shot by Randy Jones.
7:10 of 1st period - Stopped by Ryan Miller without a rebound.
7:11 of 1st period - Vincent Lecavalier wins face-off versus J.T. Miller in Coyotes zone.
9:31 of 1st period - Wrist shot by Jaromir Jagr.
9:31 of 1st period - Shot Misses the Net.
10:09 of 1st period - Randy Jones is hit by Zach Parise and loses puck.
10:28 of 1st period - Wrist shot by Zack Kassian.
10:28 of 1st period - Stopped by Ryan Miller with a rebound.
10:34 of 1st period - Snap shot by Zack Kassian.
10:34 of 1st period - Stopped by Ryan Miller with a rebound.
10:36 of 1st period - Wrist shot by Zack Kassian.
10:36 of 1st period - Stopped by Ryan Miller without a rebound.
10:37 of 1st period - Vincent Lecavalier wins face-off versus J.T. Miller in Coyotes zone.
10:52 of 1st period - Wrist shot by Kyle Okposo.
10:52 of 1st period - Shot Misses the Net.
11:02 of 1st period - Zach Bogosian is hit by Chris Stewart and loses puck.
11:24 of 1st period - Icing by Michael Kostka.
11:25 of 1st period - Maxim Talbot wins face-off versus Ryan O'Reilly in Sabres zone.
12:14 of 1st period - Matt Taormina is hit by Zack Kassian and loses puck.
12:33 of 1st period - Toni Lydman is hit by Erik Christensen and loses puck.
12:42 of 1st period - Wrist shot by Erik Christensen.
12:42 of 1st period - Stopped by Ryan Miller without a rebound.
12:43 of 1st period - Vincent Lecavalier wins face-off versus J.T. Miller in Coyotes zone.
12:43 of 1st period - Vincent Lecavalier is hit by J.T. Miller.
13:05 of 1st period - Minor Penalty to Rob Scuderi for Interference.
13:06 of 1st period - Jaromir Jagr wins face-off versus Vincent Lecavalier in Sabres zone.
13:49 of 1st period - Snap shot by Jaromir Jagr.
13:49 of 1st period - Stopped by Ryan Miller without a rebound.
13:50 of 1st period - Vincent Lecavalier wins face-off versus Jaromir Jagr in Coyotes zone.
13:59 of 1st period - Snap shot by Vincent Lecavalier.
13:59 of 1st period - Shot Misses the Net.
14:01 of 1st period - Slapshot by Zach Parise.
14:01 of 1st period - Shot Blocked by Randy Jones.
14:03 of 1st period - Snap shot by Vincent Lecavalier.
14:03 of 1st period - Stopped by Robin Lehner with a rebound.
14:05 of 1st period - Slapshot by Marian Gaborik.
14:05 of 1st period - Shot Misses the Net.
14:07 of 1st period - Slapshot by Anton Stralman.
14:07 of 1st period - Stopped by Robin Lehner with a rebound.
15:05 of 1st period - Penalty to Rob Scuderi is over, Rob Scuderi is back on ice.
15:18 of 1st period - Slapshot by Jaromir Jagr.
15:18 of 1st period - Shot Blocked by Toni Lydman.
15:20 of 1st period - Slapshot by Mike Leclerc.
15:20 of 1st period - Stopped by Ryan Miller without a rebound.
15:21 of 1st period - Brooks Laich wins face-off versus J.T. Miller in Coyotes zone.
15:26 of 1st period - Slapshot by Anton Stralman.
15:26 of 1st period - Stopped by Robin Lehner without a rebound.
15:27 of 1st period - Brooks Laich wins face-off versus Evander Kane in Sabres zone.
15:54 of 1st period - Snap shot by Kyle Okposo.
15:54 of 1st period - Shot Misses the Net.
16:41 of 1st period - Wrist shot by Maxim Talbot.
16:41 of 1st period - Shot Misses the Net.
16:43 of 1st period - Backhand shot by Georges Laraque.
16:43 of 1st period - Deflect By Zach Bogosian.
16:43 of 1st period - Shot Misses the Net.
16:43 of 1st period - Puck is out of play.
16:44 of 1st period - Brandon Sutter wins face-off versus Vincent Lecavalier in Sabres zone.
16:49 of 1st period - Anton Stralman is hit by Matt Martin and loses puck.
16:54 of 1st period - Wrist shot by Brandon Sutter.
16:54 of 1st period - Shot Misses the Net.
16:58 of 1st period - Slapshot by Brandon Sutter.
16:58 of 1st period - Shot Blocked by Anton Stralman.
17:00 of 1st period - Wrist shot by Matt Martin.
17:00 of 1st period - Shot Blocked by Kristopher Letang.
17:42 of 1st period - Slapshot by Evander Kane.
17:42 of 1st period - Deflect By Kyle Okposo.
17:42 of 1st period - Shot Misses the Net.
17:42 of 1st period - Puck is out of play.
17:43 of 1st period - Brandon Sutter wins face-off versus Chris Stewart in Coyotes zone.
17:44 of 1st period - Wrist shot by Zack Kassian.
17:44 of 1st period - Shot Misses the Net.
17:46 of 1st period - Slapshot by Zach Bogosian.
17:46 of 1st period - Stopped by Ryan Miller without a rebound.
17:47 of 1st period - Nazem Kadri wins face-off versus Brandon Sutter in Coyotes zone.
18:35 of 1st period - Minor Penalty to Maxim Talbot for Roughing.
18:36 of 1st period - Ramzi Abid wins face-off versus J.T. Miller in Coyotes zone.
Goals for this period are 0 for Sabres vs 1 for Coyotes.
Shots for this period are 13 for Sabres vs 9 for Coyotes.
2nd period
0:01 of 2nd period - J.T. Miller wins face-off versus Ramzi Abid in neutral zone.
0:06 of 2nd period - Slapshot by Evander Kane.
0:06 of 2nd period - Stopped by Ryan Miller with a rebound.
0:10 of 2nd period - Wrist shot by J.T. Miller.
0:10 of 2nd period - Shot Misses the Net.
0:12 of 2nd period - Wrist shot by Michael Kostka.
0:12 of 2nd period - Shot Blocked by Ramzi Abid.
0:16 of 2nd period - Snap shot by Evander Kane.
0:16 of 2nd period - Stopped by Ryan Miller without a rebound.
0:17 of 2nd period - Ramzi Abid wins face-off versus J.T. Miller in Coyotes zone.
0:25 of 2nd period - Off-side.
0:26 of 2nd period - Ramzi Abid wins face-off versus J.T. Miller in neutral zone.
0:31 of 2nd period - Evander Kane is hit by Matt Taormina.
0:35 of 2nd period - Penalty to Maxim Talbot is over, Maxim Talbot is back on ice.
0:59 of 2nd period - Slapshot by Evander Kane.
0:59 of 2nd period - Shot Misses the Net.
1:01 of 2nd period - Snap shot by Evander Kane.
1:01 of 2nd period - Shot Misses the Net.
1:11 of 2nd period - Slapshot by Zach Bogosian.
1:11 of 2nd period - Deflect By Kyle Okposo.
1:11 of 2nd period - Stopped by Ryan Miller without a rebound.
1:12 of 2nd period - Vincent Lecavalier wins face-off versus Brandon Sutter in Coyotes zone.
1:38 of 2nd period - Nazem Kadri is hit by Patrik Elias.
1:44 of 2nd period - Snap shot by Brent Sopel.
1:44 of 2nd period - Deflect By Jaromir Jagr.
1:44 of 2nd period - Stopped by Robin Lehner with a rebound.
2:02 of 2nd period - Snap shot by Brooks Laich.
2:02 of 2nd period - Shot Blocked by Rob Scuderi.
2:24 of 2nd period - Marian Gaborik is hit by Zack Kassian and loses puck.
2:29 of 2nd period - Slapshot by Zach Bogosian.
2:29 of 2nd period - Shot Blocked by Vincent Lecavalier.
2:31 of 2nd period - Snap shot by Zack Kassian.
2:31 of 2nd period - Stopped by Ryan Miller with a rebound.
2:48 of 2nd period - Snap shot by Ramzi Abid.
2:48 of 2nd period - Stopped by Robin Lehner without a rebound.
2:49 of 2nd period - Nazem Kadri wins face-off versus Ryan O'Reilly in Sabres zone.
3:18 of 2nd period - Wrist shot by Brandon Sutter.
3:18 of 2nd period - Shot Misses the Net.
3:20 of 2nd period - Wrist shot by Brandon Sutter.
3:20 of 2nd period - Stopped by Ryan Miller with a rebound.
3:22 of 2nd period - Wrist shot by Brandon Sutter.
3:22 of 2nd period - Stopped by Ryan Miller with a rebound.
3:42 of 2nd period - Snap shot by Evander Kane.
3:42 of 2nd period - Deflect By Kyle Okposo.
3:42 of 2nd period - Shot Blocked by Toni Lydman.
3:42 of 2nd period - Puck is out of play.
3:43 of 2nd period - Nazem Kadri wins face-off versus J.T. Miller in Coyotes zone.
3:50 of 2nd period - Anton Stralman is hit by Kyle Okposo and loses puck.
4:30 of 2nd period - Slapshot by Martin Samuelsson.
4:30 of 2nd period - Shot Blocked by Rob Scuderi.
4:32 of 2nd period - Snap shot by Enver Lisin.
4:32 of 2nd period - Stopped by Robin Lehner with a rebound.
4:34 of 2nd period - Slapshot by Toni Lydman.
4:34 of 2nd period - Stopped by Robin Lehner with a rebound.
4:36 of 2nd period - Slapshot by Matt Taormina.
4:36 of 2nd period - Stopped by Robin Lehner with a rebound.
5:10 of 2nd period - Wrist shot by Jaromir Jagr.
5:10 of 2nd period - Shot Misses the Net.
5:24 of 2nd period - Snap shot by Nazem Kadri.
5:24 of 2nd period - Stopped by Robin Lehner with a rebound.
5:26 of 2nd period - Wrist shot by Chris Stewart.
5:26 of 2nd period - Shot Blocked by Randy Jones.
5:28 of 2nd period - Slapshot by Matt Taormina.
5:28 of 2nd period - Shot Misses the Net.
5:30 of 2nd period - Slapshot by Toni Lydman.
5:30 of 2nd period - Shot Misses the Net.
5:32 of 2nd period - Slapshot by Toni Lydman.
5:32 of 2nd period - Shot Blocked by Jordan Leopold.
6:13 of 2nd period - Minor Penalty to Jaromir Jagr for Interference.
6:14 of 2nd period - Vincent Lecavalier wins face-off versus Evander Kane in Sabres zone.
7:13 of 2nd period - Snap shot by Maxim Talbot.
7:13 of 2nd period - Stopped by Robin Lehner with a rebound.
7:47 of 2nd period - Randy Jones is hit by Enver Lisin and loses puck.
8:13 of 2nd period - Penalty to Jaromir Jagr is over, Jaromir Jagr is back on ice.
9:11 of 2nd period - Jordan Leopold is hit by Tyler Ennis and loses puck.
9:48 of 2nd period - Enver Lisin is hit by Zach Bogosian and loses puck.
10:35 of 2nd period - Kristopher Letang is hit by Patrik Elias and loses puck.
10:49 of 2nd period - Off-side.
10:50 of 2nd period - Nazem Kadri wins face-off versus J.T. Miller in neutral zone.
10:58 of 2nd period - Icing by Evander Kane.
10:59 of 2nd period - J.T. Miller wins face-off versus Vincent Lecavalier in Sabres zone.
11:27 of 2nd period - Wrist shot by Nazem Kadri.
11:27 of 2nd period - Stopped by Robin Lehner without a rebound.
11:28 of 2nd period - Nazem Kadri wins face-off versus Brandon Sutter in Sabres zone.
11:33 of 2nd period - Wrist shot by Nazem Kadri.
11:33 of 2nd period - Deflect By Chris Stewart.
11:33 of 2nd period - Shot Misses the Net.
11:33 of 2nd period - Puck is out of play.
11:34 of 2nd period - Brandon Sutter wins face-off versus Vincent Lecavalier in Sabres zone.
11:34 of 2nd period - Brandon Sutter is hit by Marian Gaborik.
11:41 of 2nd period - Minor Penalty to Zach Parise for Hooking.
11:42 of 2nd period - Ramzi Abid wins face-off versus J.T. Miller in Coyotes zone.
12:16 of 2nd period - Slapshot by Michael Kostka.
12:16 of 2nd period - Goal by Michael Kostka - Sabres : 1 - Coyotes : 1.
12:17 of 2nd period - Vincent Lecavalier wins face-off versus Brandon Sutter in neutral zone.
12:22 of 2nd period - Snap shot by Zack Kassian.
12:22 of 2nd period - Shot Misses the Net.
12:44 of 2nd period - Matt Martin is hit by Anton Stralman and loses puck.
13:36 of 2nd period - Slapshot by Brent Sopel.
13:36 of 2nd period - Shot Blocked by Mike Leclerc.
13:50 of 2nd period - Jared Cowen is hit by Zach Parise and loses puck.
14:30 of 2nd period - Erik Christensen is hit by Toni Lydman and loses puck.
14:41 of 2nd period - Slapshot by Nazem Kadri.
14:41 of 2nd period - Stopped by Robin Lehner with a rebound.
15:13 of 2nd period - Brandon Sutter is hit by Marian Gaborik and loses puck.
15:52 of 2nd period - Wrist shot by Matt Taormina.
15:52 of 2nd period - Deflect By Tyler Ennis.
15:52 of 2nd period - Stopped by Robin Lehner without a rebound.
15:53 of 2nd period - Nazem Kadri wins face-off versus Ryan O'Reilly in Sabres zone.
16:20 of 2nd period - Wrist shot by Kyle Okposo.
16:20 of 2nd period - Stopped by Ryan Miller with a rebound.
16:22 of 2nd period - Slapshot by Randy Jones.
16:22 of 2nd period - Shot Blocked by Nazem Kadri.
16:55 of 2nd period - Wrist shot by Vincent Lecavalier.
16:55 of 2nd period - Shot Blocked by Rob Scuderi.
17:05 of 2nd period - Wrist shot by Zach Bogosian.
17:05 of 2nd period - Shot Blocked by Kristopher Letang.
17:07 of 2nd period - Snap shot by Zach Bogosian.
17:07 of 2nd period - Stopped by Ryan Miller with a rebound.
17:09 of 2nd period - Slapshot by Rob Scuderi.
17:09 of 2nd period - Stopped by Ryan Miller without a rebound.
17:10 of 2nd period - Maxim Talbot wins face-off versus Erik Christensen in Coyotes zone.
17:14 of 2nd period - Off-side.
17:15 of 2nd period - Maxim Talbot wins face-off versus Brandon Sutter in neutral zone.
17:20 of 2nd period - Slapshot by Kristopher Letang.
17:20 of 2nd period - Stopped by Robin Lehner without a rebound.
17:21 of 2nd period - Brandon Sutter wins face-off versus Vincent Lecavalier in Sabres zone.
17:21 of 2nd period - Brandon Sutter is hit by Zach Parise.
17:33 of 2nd period - Zach Parise is hit by Matt Martin and loses puck.
17:39 of 2nd period - Off-side.
17:40 of 2nd period - J.T. Miller wins face-off versus Nazem Kadri in neutral zone.
17:49 of 2nd period - Slapshot by Anton Stralman.
17:49 of 2nd period - Deflect By Nazem Kadri.
17:49 of 2nd period - Shot Blocked by J.T. Miller.
17:49 of 2nd period - Puck is out of play.
17:50 of 2nd period - Brandon Sutter wins face-off versus Nazem Kadri in Sabres zone.
17:58 of 2nd period - Kristopher Letang is hit by Michael Kostka and loses puck.
18:39 of 2nd period - Wrist shot by Tyler Ennis.
18:39 of 2nd period - Stopped by Robin Lehner with a rebound.
18:41 of 2nd period - Slapshot by Anton Stralman.
18:41 of 2nd period - Deflect By Michael Kostka.
18:41 of 2nd period - Stopped by Robin Lehner with a rebound.
18:43 of 2nd period - Wrist shot by Nazem Kadri.
18:43 of 2nd period - Shot Blocked by Michael Kostka.
18:47 of 2nd period - Snap shot by Tyler Ennis.
18:47 of 2nd period - Shot Misses the Net.
18:49 of 2nd period - Snap shot by Nazem Kadri.
18:49 of 2nd period - Deflect By Mike Leclerc.
18:49 of 2nd period - Stopped by Robin Lehner with a rebound.
18:51 of 2nd period - Wrist shot by Kristopher Letang.
18:51 of 2nd period - Deflect By Tyler Ennis.
18:51 of 2nd period - Stopped by Robin Lehner without a rebound.
18:52 of 2nd period - Brandon Sutter wins face-off versus Vincent Lecavalier in Sabres zone.
19:06 of 2nd period - Minor Penalty to Matt Martin for Delaying the game.
19:07 of 2nd period - Vincent Lecavalier wins face-off versus Jaromir Jagr in Sabres zone.
Goals for this period are 1 for Sabres vs 0 for Coyotes.
Shots for this period are 10 for Sabres vs 15 for Coyotes.
3rd period
0:01 of 3rd period - Vincent Lecavalier wins face-off versus Jaromir Jagr in neutral zone.
1:06 of 3rd period - Penalty to Matt Martin is over, Matt Martin is back on ice.
1:08 of 3rd period - Icing by Rob Scuderi.
1:09 of 3rd period - J.T. Miller wins face-off versus Brooks Laich in Sabres zone.
1:09 of 3rd period - J.T. Miller is hit by Martin Samuelsson.
1:27 of 3rd period - Enver Lisin is hit by Kyle Okposo and loses puck.
1:34 of 3rd period - Minor Penalty to Toni Lydman for Holding.
1:35 of 3rd period - Evander Kane wins face-off versus Ramzi Abid in Coyotes zone.
2:17 of 3rd period - Slapshot by Kyle Okposo.
2:17 of 3rd period - Shot Blocked by Josh Gorges.
2:19 of 3rd period - Wrist shot by Kyle Okposo.
2:19 of 3rd period - Stopped by Ryan Miller without a rebound.
2:20 of 3rd period - Ramzi Abid wins face-off versus Brandon Sutter in Coyotes zone.
2:20 of 3rd period - Ramzi Abid is hit by Matt Martin.
2:36 of 3rd period - Wrist shot by Brandon Sutter.
2:36 of 3rd period - Shot Misses the Net.
3:21 of 3rd period - Matt Martin is hit by Zach Parise.
3:34 of 3rd period - Penalty to Toni Lydman is over, Toni Lydman is back on ice.
4:01 of 3rd period - Slapshot by Anton Stralman.
4:01 of 3rd period - Stopped by Robin Lehner with a rebound.
4:07 of 3rd period - Slapshot by Anton Stralman.
4:07 of 3rd period - Stopped by Robin Lehner without a rebound.
4:08 of 3rd period - Erik Christensen wins face-off versus Vincent Lecavalier in Sabres zone.
4:08 of 3rd period - Erik Christensen is hit by Kristopher Letang.
5:00 of 3rd period - Icing by Kristopher Letang.
5:01 of 3rd period - Nazem Kadri wins face-off versus Ryan O'Reilly in Coyotes zone.
5:16 of 3rd period - Chris Stewart is hit by Rob Scuderi and loses puck.
5:49 of 3rd period - Anton Stralman is hit by Ryan O'Reilly and loses puck.
6:10 of 3rd period - Wrist shot by Patrik Elias.
6:10 of 3rd period - Stopped by Ryan Miller without a rebound.
6:11 of 3rd period - J.T. Miller wins face-off versus Vincent Lecavalier in Coyotes zone.
6:14 of 3rd period - Wrist shot by Evander Kane.
6:14 of 3rd period - Goal by Evander Kane - Sabres : 2 - Coyotes : 1.
6:15 of 3rd period - J.T. Miller wins face-off versus Vincent Lecavalier in neutral zone.
7:06 of 3rd period - Matt Martin is hit by Brooks Laich and loses puck.
7:29 of 3rd period - Michael Kostka is hit by Marian Gaborik and loses puck.
7:46 of 3rd period - Wrist shot by Evander Kane.
7:46 of 3rd period - Stopped by Ryan Miller without a rebound.
7:47 of 3rd period - Kyle Okposo wins face-off versus Maxim Talbot in Coyotes zone.
8:14 of 3rd period - Brent Sopel is hit by Jordan Leopold and loses puck.
8:47 of 3rd period - Slapshot by Zach Bogosian.
8:47 of 3rd period - Deflect By Michael Haley.
8:47 of 3rd period - Shot Blocked by Nazem Kadri.
8:47 of 3rd period - Puck is out of play.
8:48 of 3rd period - Brooks Laich wins face-off versus J.T. Miller in Coyotes zone.
9:39 of 3rd period - Wrist shot by Erik Christensen.
9:39 of 3rd period - Shot Misses the Net.
9:41 of 3rd period - Wrist shot by Erik Christensen.
9:41 of 3rd period - Stopped by Ryan Miller without a rebound.
9:42 of 3rd period - Nazem Kadri wins face-off versus Erik Christensen in Coyotes zone.
9:47 of 3rd period - Slapshot by Zach Bogosian.
9:47 of 3rd period - Shot Misses the Net.
9:49 of 3rd period - Slapshot by Michael Haley.
9:49 of 3rd period - Shot Misses the Net.
9:57 of 3rd period - Snap shot by Zach Bogosian.
9:57 of 3rd period - Shot Blocked by Josh Gorges.
10:52 of 3rd period - Off-side.
10:53 of 3rd period - Vincent Lecavalier wins face-off versus J.T. Miller in neutral zone.
10:56 of 3rd period - Slapshot by Anton Stralman.
10:56 of 3rd period - Stopped by Robin Lehner with a rebound.
11:14 of 3rd period - Minor Penalty to Anton Stralman for High sticking.
11:15 of 3rd period - Ramzi Abid wins face-off versus J.T. Miller in Coyotes zone.
11:15 of 3rd period - Ramzi Abid is hit by Kyle Okposo.
11:21 of 3rd period - Minor Penalty to Michael Kostka for Hooking.
11:22 of 3rd period - Erik Christensen wins face-off versus Vincent Lecavalier in Sabres zone.
11:31 of 3rd period - Snap shot by Vincent Lecavalier.
11:31 of 3rd period - Shot Blocked by Erik Christensen.
11:37 of 3rd period - Slapshot by Zach Bogosian.
11:37 of 3rd period - Shot Misses the Net.
12:35 of 3rd period - Icing by Nazem Kadri.
12:36 of 3rd period - Ryan O'Reilly wins face-off versus Nazem Kadri in Coyotes zone.
12:37 of 3rd period - Slapshot by Zach Bogosian.
12:37 of 3rd period - Shot Blocked by Nazem Kadri.
12:39 of 3rd period - Backhand shot by Zach Bogosian.
12:39 of 3rd period - Stopped by Ryan Miller with a rebound.
12:41 of 3rd period - Slapshot by Zach Bogosian.
12:41 of 3rd period - Shot Misses the Net.
12:43 of 3rd period - Slapshot by Ryan O'Reilly.
12:43 of 3rd period - Deflect By Nazem Kadri.
12:43 of 3rd period - Goal by Ryan O'Reilly - Sabres : 3 - Coyotes : 1.
12:44 of 3rd period - Erik Christensen wins face-off versus Vincent Lecavalier in neutral zone.
13:14 of 3rd period - Penalty to Anton Stralman is over, Anton Stralman is back on ice.
13:21 of 3rd period - Penalty to Michael Kostka is over, Michael Kostka is back on ice.
13:58 of 3rd period - Kristopher Letang is hit by Zack Kassian and loses puck.
14:41 of 3rd period - Snap shot by Zack Kassian.
14:41 of 3rd period - Stopped by Ryan Miller with a rebound.
14:57 of 3rd period - Slapshot by Vincent Lecavalier.
14:57 of 3rd period - Stopped by Robin Lehner without a rebound.
14:58 of 3rd period - Brooks Laich wins face-off versus Ryan O'Reilly in Sabres zone.
15:48 of 3rd period - Josh Gorges is hit by Randy Jones and loses puck.
16:17 of 3rd period - Tyler Ennis is hit by Jaromir Jagr and loses puck.
16:50 of 3rd period - Minor Penalty to Zach Bogosian for Interference.
16:51 of 3rd period - Jaromir Jagr wins face-off versus Nazem Kadri in Sabres zone.
17:50 of 3rd period - Rob Scuderi is hit by Vincent Lecavalier and loses puck.
18:50 of 3rd period - Penalty to Zach Bogosian is over, Zach Bogosian is back on ice.
19:05 of 3rd period - Icing by Zach Bogosian.
19:06 of 3rd period - Brooks Laich wins face-off versus J.T. Miller in Sabres zone.
19:09 of 3rd period - Snap shot by Enver Lisin.
19:09 of 3rd period - Stopped by Robin Lehner with a rebound.
19:51 of 3rd period - Brent Sopel is hit by Brandon Sutter and loses puck.
19:58 of 3rd period - Brandon Sutter is hit by Matt Taormina.
Goals for this period are 2 for Sabres vs 0 for Coyotes.
Shots for this period are 8 for Sabres vs 5 for Coyotes.
Back to the Top